 Dungeon Crawl Stone Soup version 0.31.0-32-g396128a36d (webtiles) character file.

Game seed: 2029333167081464745

452496 rayg00n the Slayer (level 24, -3/238 HPs)
             Began as a Hill Orc Monk on Apr 6, 2024.
             Was the Champion of Yredelemnul.
             Killed from afar by an ironbound thunderhulk (28 damage)
             ... with a bolt of lightning
             ... on level 3 of the Vaults.
             The game lasted 04:42:14 (56229 turns).

rayg00n the Slayer (Hill Orc Monk)                 Turns: 56229, Time: 04:42:44

Health: -3/238     AC: 43    Str: 29    XL:     24   Next: 0%
Magic:  34/34      EV: 14    Int:  9    God:    Yredelemnul [******]
Gold:   3978       SH: 27    Dex: 12    Spells: 23/23 levels left

rFire   + . .        Q - +8 war axe (vamp)
rCold   + . .        b - +3 tower shield
rNeg    . . .        u - +11 plate armour of the Orb {-Cast Fly rPois}
rPois   +            L - +2 hat {Stlth+}
rElec   .            e - scarf {rC+ rF+}
rCorr   .            M - +3 pair of gauntlets of War {Slay+5}
SInv    .            x - +2 pair of boots
Will    ++...        X - amulet of reflection Stlth
                     f - ring of willpower
HPRegen 0.59/turn    g - +5 ring of evasion
MPRegen 0.24/turn

%: no spellcasting, reflection
@: frozen, flying, studying Throwing, very slow
A: iridescent scales 1, strong 1
}: 3/15 runes: barnacled, abyssal, gossamer
a: Renounce Religion, Recall Undead Harvest, Dark Bargain, Drain Life, Bind Soul


You were on level 3 of the Vaults.
You worshipped Yredelemnul.
Yredelemnul was pleased with you.
You visited 9 branches of the dungeon, and saw 41 of its levels.
You visited the Abyss 1 time.
You visited 1 bazaar.
You also visited: Ice Cave and Wizlab.

You collected 7593 gold pieces.
You spent 3615 gold pieces at shops.

Inventory:

Hand Weapons
 a - a +5 hand cannon of chaos
 k - the +10 mace "Imp's Doom" {drain, Str+6 Int-2}
   (You took it off a deep elf death mage on level 3 of the Elven Halls)

   Str+6:     It affects your strength (+6).
   Int-2:     It affects your intelligence (-2).
 w - the +9 sword of Zonguldrok {reap}
   (You took it off a yaktaur on level 15 of the Dungeon)
 Q - a +8 vampiric war axe (weapon)
Missiles
 l - 42 poisoned darts (quivered)
 m - 5 throwing nets
 V - 18 silver javelins
Armour
 b - a +3 tower shield (worn)
 e - a scarf of resistance (worn)
 u - the +11 plate armour of the Orb (worn) {-Cast Fly rPois}
   (You found it on level 3 of the Spider Nest)

   rPois:     It protects you from poison Fly: It grants you flight.
   -Cast:     It prevents spellcasting.
 x - a +2 pair of boots (worn)
 L - a +2 hat of stealth (worn)
 M - the +3 pair of gauntlets of War (worn) {Slay+5}
   (You found it on level 15 of the Dungeon)

   Slay+5:    It affects your accuracy & damage with ranged weapons and melee
   (+5).
Jewellery
 f - a ring of willpower (left hand)
 g - a +5 ring of evasion (right hand)
 j - a ring of protection from cold
 s - a ring of see invisible
 D - a ring of flight
 N - the ring "Huputs" {^Drain Fly rF+ Stlth+}
   (You took it off a deep elf annihilator on level 3 of the Elven Halls)

   [ring of protection from fire]

   rF+:       It protects you from fire.
   Fly:       It grants you flight.
   ^Drain:    It drains your maximum health when unequipped.
   Stlth+:    It makes you more stealthy.
 X - an amulet of reflection (around neck)
Wands
 q - a wand of paralysis (27)
 v - a wand of roots (22)
 I - a wand of mindburst (11)
 P - a wand of quicksilver (8)
Scrolls
 c - a scroll of silence
 h - 6 scrolls of fog
 i - 3 scrolls of enchant armour
 n - 5 scrolls of teleportation
 p - 9 scrolls of vulnerability
 r - a scroll of butterflies
 z - 8 scrolls of poison
 E - 5 scrolls of blinking
 H - a scroll of brand weapon
 O - a scroll of fear
 S - 2 scrolls of immolation
Potions
 d - 2 potions of heal wounds
 o - 7 potions of magic
 t - 3 potions of enlightenment
 A - 2 potions of invisibility
 B - 4 potions of haste
 C - 2 potions of curing
 F - 8 potions of attraction
 G - 5 potions of lignification
 J - 4 potions of mutation
 K - 4 potions of berserk rage
 R - 3 potions of might
 T - a potion of resistance
 W - a potion of ambrosia
 Z - a potion of cancellation
Miscellaneous
 y - a phantom mirror
 U - a lightning rod (4/4)
 Y - a tin of tremorstones (2/2)


   Skills:
 + Level 24.1 Fighting
 - Level 16.0 Long Blades
 + Level 22.7 Axes
 + Level 21.1 Armour
 - Level 5.0 Dodging
 - Level 2.0 Stealth
 + Level 17.0 Shields
 - Level 2.0 Necromancy
 - Level 15.0 Invocations
 + Level 12.9 Evocations


You had 23 spell levels left.
You didn't know any spells.
Your spell library contained the following spells:

 Spells                   Type           Power      Damage    Failure   Level
 Necrotise                Necr           12%        1d4       80%         1
 Apportation              Tloc           0%         N/A       97%         1
 Freeze                   Ice            0%         1d3       97%         1
 Sandblast                Erth           0%         2d4       97%         1
 Shock                    Conj/Air       0%         1d3       97%         1
 Slow                     Hex            0%         N/A       97%         1
 Sting                    Conj/Alch      0%         1d3       97%         1
 Summon Small Mammal      Summ           0%         N/A       97%         1
 Jinxbite                 Hex            0%         N/A       99%         2
 Mercury Vapours          Alch/Air       0%         N/A       99%         2
 Momentum Strike          Conj/Tloc      0%         3d8       99%         2
 Vampiric Draining        Necr           3%         2d6       99%         3
 Confusing Touch          Hex            0%         N/A       100%        3
 Dazzling Flash           Conj/Hex       0%         N/A       100%        3
 Frozen Ramparts          Ice            0%         1d1       100%        3
 Hailstorm                Conj/Ice       0%         3d5       100%        3
 Mephitic Cloud           Conj/Alch/Air  0%         N/A       100%        3
 Ozocubu's Armour         Ice            0%         N/A       100%        3
 Sigil of Binding         Hex            0%         N/A       100%        3
 Stone Arrow              Conj/Erth      0%         3d7       100%        3
 Swiftness                Air            0%         N/A       100%        3
 Tukima's Dance           Hex            0%         N/A       100%        3
 Airstrike                Air            0%         2d(0-16)  100%        4
 Animate Armour           Summ/Erth      0%         N/A       100%        4
 Brom's Barrelling Bould  Conj/Erth      0%         2d3       100%        4
 Dimensional Bullseye     Hex/Tloc       0%         N/A       100%        4
 Iskenderun's Mystic Bla  Conj/Tloc      0%         2d3       100%        4
 Leda's Liquefaction      Alch/Erth      0%         N/A       100%        4
 Manifold Assault         Tloc           0%         N/A       100%        4
 Martyr's Knell           Necr/Summ      1%         N/A       100%        4
 Passage of Golubria      Tloc           0%         N/A       100%        4
 Petrify                  Alch/Erth      0%         N/A       100%        4
 Summon Lightning Spire   Summ/Air       0%         N/A       100%        4
 Vhi's Electric Charge    Tloc/Air       0%         N/A       100%        4
 Arcjolt                  Conj/Air       0%         1d10      100%        5
 Curse of Agony           Necr           3%         N/A       100%        5
 Fireball                 Conj/Fire      0%         3d3       100%        5
 Freezing Cloud           Conj/Ice/Air   0%         6-21      100%        5
 Iskenderun's Battlesphe  Conj           0%         2d6       100%        5
 Lee's Rapid Deconstruct  Erth           0%         3d4*      100%        5
 Metabolic Englaciation   Hex/Ice        0%         N/A       100%        5
 Silence                  Hex/Air        0%         N/A       100%        5
 Yara's Violent Unravell  Hex/Alch       0%         3d3       100%        5
 Bombard                  Conj/Erth      0%         9d1       100%        6
 Conjure Ball Lightning   Conj/Air       0%         3x3d6     100%        6
 Dispersal                Tloc           0%         N/A       100%        6
 Plasma Beam              Fire/Air       0%         2x1d10    100%        6
 Enfeeble                 Hex            0%         N/A       100%        7
 Monstrous Menagerie      Summ           0%         N/A       100%        7
 Orb of Destruction       Conj           0%         9d5       100%        7
 Ozocubu's Refrigeration  Ice            0%         4d7       100%        7
 Spellforged Servitor     Conj/Summ      0%         N/A       100%        7
 Disjunction              Tloc           0%         N/A       100%        8
 Lehudib's Crystal Spear  Conj/Erth      0%         10d2      100%        8


Dungeon Overview and Level Annotations

Branches:
Dungeon (15/15)            Temple (1/1) D:5            Lair (5/5) D:11
 Shoals (4/4) Lair:2       Spider (4/4) Lair:3        Slime (0/5) Lair:4
    Orc (2/2) D:10            Elf (3/3) Orc:2        Vaults (3/5) D:13
  Crypt (0/3) Vaults:3     Depths (4/4) D:15            Zot (0/5) Depths:4
  IceCv (visited)          WizLab (visited)

Altars:
Ashenzari
Cheibriados
Dithmenos
Elyvilon
Fedhas
Gozag
Hepliaklqana
Kikubaaqudgha
Makhleb
Nemelex Xobeh
Okawaru
Qazlal
Ru
Sif Muna
Trog
Uskayaw
Vehumet
Wu Jian
Xom
Yredelemnul
Zin
The Shining One
Beogh
Jiyva

Shops:
D:7 *   Orc:1 [   Orc:2 (:!*[   Elf:2 ?(**   Shoals:2 :*(:   Vaults:1 *
Depths:1 (*   Depths:3 (?   Depths:4 **

Portals:
Hell: Depths:1 Depths:2 Depths:4
Pandemonium: Depths:1 Depths:2
Ziggurat: Depths:4
Trove: Depths:3 (give +3 storm dragon scales)

Annotations:
D:5 2 transporters
D:12 3 runed translucent doors, MrIGI's ghost, journeyman GnWr
Shoals:3 3 runed translucent doors, case's ghost, adept MiBe


Innate Abilities, Weirdness & Mutations

You are partially covered in iridescent scales. (AC +2)
Your muscles are strong. (Str +4, Int/Dex -1)


Message History

You block the vault warden's attack.
Electricity crackles from the ironbound thunderhulk's apparatus.
The bolt of lightning hits you!!!
* * * LOW HITPOINT WARNING * * *
The deep troll bites you but does no damage.
You block the deep troll's attack. The deep troll claws you.
* * * LOW HITPOINT WARNING * * *
The ironbound convoker points at the ironbound convoker and mumbles some strange words.
The ironbound convoker seems to grow stronger.
The ironbound convoker points at the ironbound thunderhulk and mumbles some strange words.
The ironbound thunderhulk seems to grow stronger.
You swap places.
Your vault warden zombie hits the deep troll!!
The vault warden activates a sealing rune.
The deep troll barely misses your vault warden zombie. x2
The deep troll claws your vault warden zombie!
Unknown command.
You swap places.
The vault warden barely misses your bound ugly thing.
Electricity crackles from the ironbound thunderhulk's apparatus.
The bolt of lightning hits you!!!
* * * LOW HITPOINT WARNING * * *
The deep troll bites your bound ugly thing!
The deep troll claws your bound ugly thing. x2
The ironbound frostheart calls freezing cold from the walls.
The frost grips you. You resist.
* * * LOW HITPOINT WARNING * * *
You are encased in ice.
The frost grips your bound ugly thing!
Your bound ugly thing resists.
The frost grips your great orb of eyes zombie.
Your great orb of eyes zombie resists.
There is an open door here.
Unknown command.
The vault warden hits your bound ugly thing with a +1 long sword of electrocution.
Lightning courses through your bound ugly thing!
Electricity crackles from the ironbound thunderhulk's apparatus.
The bolt of lightning hits you!!
You die...
Your body rises from the dead as a mindless zombie.

########.....# #.....#
###########.....#
..........'.....##########
..........#...............
..........#...............
##.##.##.##...............
#..#..#..##...............
#.##.##.###.....@ZZ.......
..........#######'###+###+
..........# #Z#Z#
..........#


#ZZp# ########### #Z#T# p .# ...#pTp .# +####.#O# .########### ..#ppp
.'.........# #+# ### You could see an ironbound preserver, a vault warden, an
ironbound thunderhulk (strong), an ironbound frostheart (ally target), 2 deep
trolls, an ironbound convoker (strong), a friendly bound ugly thing, a friendly
great orb of eyes zombie, 2 friendly deep troll zombies, a friendly vault
sentinel zombie, a friendly vault warden zombie and a friendly arcanist zombie.

Vanquished Creatures
  Bai Suzhen (Spider:4)
  2 antique champions (WizLab)
  Margery (Vaults:2)
  2 caustic shrikes (D:15)
  Nikola (Elf:2)
  3 bone dragons
  A doom hound (Depths:3)
  A Tzitzimitl (Depths:3)
  2 liches (WizLab)
  A tentacled monstrosity (D:15)
  2 deep elf blademasters (Elf:3)
  Grunn (Depths:3)
  A deep elf master archer (Elf:3)
  2 ancient champions (WizLab)
  A sphinx (Vaults:3)
  3 tentacled starspawn (Abyss:4)
  Gastronok (D:8)
  2 tengu reavers (Depths:1)
  A shadow dragon (Depths:3)
  2 fire giants
  2 deep elf sorcerers
  3 frost giants
  2 ghost moths
  A deep elf elementalist (Elf:3)
  3 vault wardens
  2 emperor scorpions (Spider:4)
  A cacodemon (Depths:4)
  A broodmother (Spider:4)
  4 ironbound preservers
  2 ghouls (WizLab)
  A formless jellyfish (Vaults:2)
  4 stone giants
  2 ironbound thunderhulks
  7 deep elf death magi (Elf:3)
  8 vampire knights
  5 very ugly things
  A dire elephant (Vaults:3)
  8 spark wasps
  5 deep elf annihilators
  A war gargoyle (Vaults:3)
  A white draconian (Depths:4)
  5 deep elf demonologists (Elf:3)
  A putrid mouth (Depths:3)
  A black draconian (Depths:4)
  A minotaur (Shoals:4)
  4 ettins
  2 green deaths
  4 fire dragons
  4 merfolk impalers
  3 entropy weavers
  A merfolk javelineer (Shoals:4)
  A jiangshi (WizLab)
  3 yaktaur captains
  2 deep elf high priests
  3 rakshasas
  5 great orbs of eyes
  2 ice dragons (Depths:2)
  A peacekeeper (Vaults:3)
  3 hydras
  2 ogre magi (Orc:2)
  2 ironbound frosthearts
  8 centaur warriors
  An alligator snapping turtle (Shoals:4)
  3 jorogumos
  A hell beast (Depths:4)
  2 merfolk avatars
  17 dancing weapons
  3 radroaches
  5 satyrs (Shoals:4)
  2 merfolk aquamancers
  4 two-headed ogres
  5 demonic crawlers
  3 death yaks
  5 boulder beetles
  4 thrashing horrors (Abyss:4)
  An orc high priest (Orc:2)
  5 deep troll earth magi
  A hell hog (Lair:5)
  5 deep troll shamans
  6 tengu warriors
  An occultist (D:15)
  A death scarab (Spider:4)
  A soul eater (D:15)
  3 hell knights (Vaults:2)
  15 deep elf knights
  4 pharaoh ants
  9 skeletal warriors
  An iron troll (D:15)
  2 spatial maelstroms (Abyss:4)
  3 skysharks
  3 sixfirhies
  A death drake (Abyss:4)
  4 sea snakes
  2 obsidian statues
  8 glowing orange brains
  A golden dragon zombie (WizLab)
  18 deep trolls
  23 slime creatures
  2 orb spiders (Spider:4)
  17 ironbound convokers
  6 deep elf archers
  18 deep elf pyromancers
  3 arcanists
  2 necromancers
  3 lindwurms
  Pikel (D:7)
  5 steelbarb worms
  22 deep elf zephyrmancers
  3 phantasmal warriors (WizLab)
  10 harpies
  A broodmother zombie (Spider:4)
  12 wolf spiders
  3 orc knights
  29 ugly things
  11 orc sorcerers
  5 cyclopes
  3 moths of wrath
  6 fauns
  7 manticores
  A meliai (shapeshifter) (D:13)
  5 kobold blastminers
  A worldbinder (Abyss:3)
  6 black mambas
  5 elephants (Lair:5)
  4 vault sentinels
  Joseph (D:7)
  14 eyes of devastation (Depths:2)
  3 merfolk sirens
  A large abomination (Abyss:4)
  5 torpor snails
  4 cane toads
  A water nymph (Shoals:4)
  A rime drake (Lair:4)
  2 gargoyles (D:14)
  2 centaur skeletons (D:15)
  An unseen horror (D:12)
  A redback zombie (Spider:4)
  Jeremiah (D:7)
  A kobold demonologist (D:12)
  11 yaktaurs
  3 tormentors
  A tengu conjurer (Depths:1)
  9 komodo dragons
  An efreet (D:13)
  3 ancient zymes (Abyss:4)
  2 polar bears (Lair:5)
  4 trolls
  11 merfolk
  A polar bear (shapeshifter) (Elf:3)
  6 blink frogs
  21 tarantellas
  A raiju (Abyss:4)
  2 wind drakes
  2 hornets
  A spectral tarantella (Spider:4)
  A spectral culicivora (Spider:4)
  3 spectral jumping spiders (Spider:4)
  9 snapping turtles
  9 dream sheep
  A glass eye (D:15)
  11 jumping spiders
  2 centaur simulacra (D:15)
  3 air elementals
  4 vampires
  12 culicivoras
  2 wraiths
  42 yaks
  19 water elementals
  4 wyverns
  A ynoxinul (Abyss:4)
  3 golden eyes (Depths:2)
  A neqoxec (Depths:4)
  35 redbacks
  7 fire elementals
  9 vampire mosquitoes
  5 basilisks
  2 steam dragons
  2 deep troll zombies (WizLab)
  A harpy simulacrum (D:14)
  2 spatial vortices
  2 hell hounds (Lair:5)
  6 acid dragons
  9 water moccasins
  A deep troll skeleton (WizLab)
  19 orc warriors
  2 swamp dragon zombies (WizLab)
  3 sky beasts
  An ettin simulacrum (WizLab)
  5 boggarts
  8 ogres
  5 centaurs
  A lemure (D:7)
  A swamp dragon skeleton (WizLab)
  2 kobold brigands
  A phantom (D:3)
  A weeping skull (Abyss:3)
  10 bullfrogs
  A brain worm (Abyss:3)
  A gnoll sergeant (D:9)
  A cyclops zombie (WizLab)
  6 scorpions
  2 earth elementals
  2 wights
  3 killer bees (D:9)
  A swamp dragon simulacrum (WizLab)
  3 bombardier beetles
  2 hounds
  4 lava snakes
  5 jellies
  2 gnoll boudas
  9 orc priests
  3 sleepcaps
  6 starcursed masses (Abyss:4)
  5 iguanas
  Natasha (twice) (D:2)
  32 orc wizards
  2 adders
  11 gnolls
  A white imp (D:5)
  4 ufetubi (D:6)
  A ribbon worm (D:4)
  A dart slug (D:3)
  69 orcs
  9 endoplasms
  2 giant cockroaches
  5 goblins
  7 hobgoblins
  4 jackals
  6 quokkas
  10 ball pythons
  6 bats
  2 frilled lizards
  9 kobolds
  2 rats
  2 starspawn tentacles (Abyss:4)
1144 creatures vanquished.

Vanquished Creatures (collateral kills)
  A juggernaut (Depths:4)
  A doom hound (Depths:3)
  A Tzitzimitl (Depths:3)
  A hellephant (Vaults:2)
  Zenata (Elf:2)
  A deep elf blademaster (Elf:2)
  A deep elf master archer (Elf:3)
  A sphinx (Shoals:4)
  An acid blob (Spider:4)
  The ghost of Naedelly the Brawler, a journeyman TrSh of Trog (Elf:1)
  A draconian knight (Depths:4)
  A frost giant (Depths:2)
  2 vault wardens
  2 emperor scorpions (Spider:4)
  The ghost of jaiteiro the Thrower, an adept GnEE of Hepliaklqana (Elf:2)
  A fire giant (Depths:1)
  A balrug (Depths:4)
  2 ghost moths (Spider:4)
  The ghost of Bolleh the Thaumaturge, a journeyman GnSk of Makhleb (Spider:3)
  2 deep elf sorcerers (Elf:3)
  2 ironbound preservers
  4 very ugly things (Depths:4)
  A stone giant (Depths:4)
  A cacodemon (Depths:4)
  Louise (Shoals:2)
  2 formless jellyfish
  A broodmother (Spider:3)
  An ironbound thunderhulk (Vaults:1)
  A deep elf death mage (Elf:3)
  3 deep elf annihilators
  2 minotaurs (Shoals:4)
  A white draconian (Depths:4)
  5 merfolk impalers
  An ettin (Depths:1)
  A merfolk javelineer (Depths:4)
  2 entropy weavers
  3 great orbs of eyes
  2 fire dragons (Depths:4)
  An ice dragon (Depths:2)
  A vault guard (Vaults:1)
  A yaktaur captain (Vaults:1)
  A deep elf high priest (Elf:3)
  4 hydras
  A death knight (Vaults:3)
  2 two-headed ogres
  A jorogumo (Spider:4)
  2 catoblepae (Shoals:3)
  An alligator snapping turtle (Shoals:2)
  11 dancing weapons
  A merfolk aquamancer (Shoals:3)
  9 satyrs
  3 boulder beetles
  4 merfolk avatars
  A death yak (Lair:5)
  2 ironbound frosthearts (Vaults:2)
  A tengu warrior (Depths:1)
  4 demonic crawlers
  6 death scarabs (Spider:4)
  A hell hog (Lair:5)
  A deep troll shaman (Depths:4)
  2 deep elf knights
  A spriggan berserker (Depths:4)
  A sun demon (Depths:4)
  A soul eater (Depths:4)
  An iron troll (Depths:4)
  8 deep trolls
  4 orb spiders
  A skyshark (Shoals:2)
  3 pharaoh ants (Spider:4)
  3 sea snakes
  A flayed ghost (Depths:4)
  2 glowing orange brains
  An arcanist (D:14)
  6 deep elf archers
  2 ironbound convokers
  5 lindwurms
  2 steelbarb worms
  A phantasmal warrior (Vaults:3)
  7 harpies
  14 deep elf pyromancers
  13 deep elf zephyrmancers
  A wolf spider zombie (Spider:4)
  12 fauns
  An orc sorcerer (Orc:2)
  14 wolf spiders
  8 ugly things
  A cyclops (D:12)
  9 manticores
  An oklob plant (Spider:4)
  A kobold blastminer (Orc:1)
  2 black mambas
  5 moths of wrath
  3 eyes of devastation (Depths:2)
  3 water nymphs
  An elephant (Lair:5)
  4 merfolk sirens
  2 vault sentinels
  3 molten gargoyles (Lair:5)
  3 cane toads
  2 torpor snails
  A spectral redback (Spider:4)
  6 komodo dragons
  4 yaktaurs
  14 merfolk
  2 trolls
  2 hornets
  7 tarantellas
  3 spectral culicivoras (Spider:4)
  3 red devils (Depths:4)
  2 wind drakes
  4 blink frogs
  A spectral jumping spider (Spider:4)
  3 snapping turtles
  A blink frog (shapeshifter) (D:15)
  2 polar bears
  A tarantella zombie (Spider:4)
  4 dream sheep
  5 slime creatures
  9 water elementals
  8 jumping spiders
  A centaur simulacrum (D:14)
  An air elemental (Elf:1)
  4 culicivoras
  7 wyverns
  18 yaks
  2 fire elementals
  5 basilisks
  A neqoxec (Depths:4)
  2 steam dragons
  A warg (D:10)
  4 vampire mosquitoes
  18 redbacks
  3 acid dragons
  7 water moccasins
  2 hell hounds (Lair:5)
  3 orc warriors (Orc:1)
  A hornet zombie (D:15)
  3 ogres
  5 boggarts
  3 centaurs (D:11)
  2 bullfrogs
  An earth elemental (Elf:1)
  5 wights
  3 killer bees (D:9)
  An electric eel (Lair:1)
  3 lava snakes (Lair:5)
  6 orc wizards
  A gnoll (D:9)
  19 orcs
486 creatures vanquished.

Vanquished Creatures (others)
  A spectral tentacled monstrosity (Depths:3)
  2 spectral elves
  A blizzard demon (Depths:4)
  A fire dragon (Depths:4)
  A spectral white draconian (Depths:4)
  A spectral great orb of eyes (Depths:2)
  A spectral jorogumo (Elf:1)
  3 deep elf knights
  A spectral ugly thing (Spider:2)
  A ghost moth zombie (Spider:2)
  2 spark wasp zombies
  A spectral fire dragon (Depths:2)
  4 wolf spider zombies
  4 ugly thing zombies
  2 deep elf zephyrmancers
  6 deep elf pyromancers
  2 spectral orcs
  A frost giant zombie (Depths:4)
  A spectral human (Vaults:2)
  A spectral soul eater (Depths:4)
  A spectral rakshasa (D:15)
  A white draconian zombie (Depths:4)
  A spectral manticore (Shoals:4)
  2 steelbarb worm zombies (Spider:2)
  2 sea snake zombies
  11 redback zombies
  3 harpy zombies (Shoals:4)
  3 great orb of eyes zombies
  A demonic crawler zombie (Spider:3)
  5 merfolk zombies
  3 culicivora zombies
  2 jumping spider zombies (Spider:2)
  A satyr zombie (Shoals:4)
  9 tarantella zombies
  A fire dragon zombie (Depths:4)
  3 human zombies
  A moth of wrath zombie (Spider:2)
  2 ettin zombies
  A radroach zombie (Spider:3)
  An ice dragon zombie (Depths:2)
  3 slime creature zombies (Vaults:3)
  A black mamba zombie (Lair:4)
  A water elemental (Shoals:2)
  12 elf zombies
  2 spectral tormentors (Abyss:3)
  A skyshark zombie (Shoals:2)
  6 deep troll zombies
  An entropy weaver zombie (Spider:4)
  2 faun zombies (Shoals:4)
  A spectral efreet (D:13)
  A lindwurm zombie (Lair:5)
  A dream sheep zombie (Lair:5)
  A manticore zombie (Shoals:2)
  A spectral hell hound (Lair:5)
  An elephant zombie (Lair:5)
  A spectral water moccasin (Lair:5)
  A torpor snail zombie (Lair:3)
  2 blink frog zombies
  2 spectral neqoxecs (Depths:4)
  2 hell hound zombies (Lair:5)
  A wyvern zombie (Lair:5)
  5 water moccasin zombies (Lair:5)
  4 yak zombies
  A raiju zombie (Abyss:4)
  A bullfrog zombie (D:9)
  3 kobold zombies
  3 centaur zombies
  3 boggart zombies
  An orc wizard (Orc:2)
  A killer bee zombie (D:9)
  A sky beast zombie (D:6)
  2 acid dragon zombies (Spider:4)
  2 ogre zombies
  A spectral lava snake (Lair:5)
  A hound zombie (D:6)
  An iguana zombie (D:7)
  3 lava snake zombies
  A spectral gnoll (D:6)
  An orc (Orc:2)
  7 gnoll zombies
  55 orc zombies
  2 spectral ufetubi (D:6)
  8 starspawn tentacles (Abyss:4)
242 creatures vanquished.

Grand Total: 1872 creatures vanquished

Notes
Turn   | Place    | Note
-------+----------+-------------------------------------------
     0 | D:1      | rayg00n the Hill Orc Monk began the quest for the Orb.
     0 | D:1      | Reached XP level 1. HP: 19/19 MP: 1/1
   329 | D:1      | Found a faded altar of an unknown god.
   333 | D:1      | Reached XP level 2. HP: 17/27 MP: 2/2
   640 | D:1      | Reached skill level 4 in Fighting
  1044 | D:2      | Reached XP level 3. HP: 15/33 MP: 3/3
  1502 | D:2      | Reached XP level 4. HP: 36/41 MP: 4/4
  1526 | D:2      | Noticed Natasha
  1534 | D:2      | Killed Natasha
  1610 | D:2      | Reached skill level 5 in Axes
  1738 | D:2      | Reached skill level 1 in Armour
  1790 | D:2      | Noticed Natasha
  1809 | D:2      | Killed Natasha
  1810 | D:2      | Reached skill level 1 in Stealth
  2399 | D:3      | Reached XP level 5. HP: 47/47 MP: 5/5
  2573 | D:3      | Noticed a phantom
  2582 | D:3      | Killed a phantom
  2583 | D:3      | Reached skill level 5 in Fighting
  3173 | D:4      | Reached XP level 6. HP: 56/56 MP: 6/6
  3635 | D:4      | Noticed a hornet
  3643 | D:4      | Killed a hornet
  3644 | D:4      | Reached skill level 6 in Fighting
  3644 | D:4      | Reached XP level 7. HP: 62/63 MP: 7/7
  3780 | D:5      | Entered Level 5 of the Dungeon
  3787 | D:5      | Found a transporter.
  3789 | D:5      | Found a transporter.
  3855 | D:5      | Found a glowing golden altar of the Shining One.
  3855 | D:5      | Noticed a wyvern
  4254 | D:5      | Found a staircase to the Ecumenical Temple.
  4274 | Temple   | Entered the Ecumenical Temple
  4298 | Temple   | Became a worshipper of Yredelemnul the Dark
  4298 | Temple   | Reached * piety under Yredelemnul
  4298 | Temple   | Reached ** piety under Yredelemnul
  4525 | D:5      | Reached skill level 1 in Invocations
  4782 | D:6      | Reached XP level 8. HP: 57/71 MP: 8/8
  4860 | D:6      | Reached skill level 7 in Fighting
  4920 | D:6      | Reached skill level 5 in Armour
  5645 | D:7      | Reached skill level 8 in Fighting
  5836 | D:7      | Found a radiant altar of Vehumet.
  5837 | D:7      | Noticed Joseph
  5844 | D:7      | Noticed Pikel
  5857 | D:7      | Killed Pikel
  5858 | D:7      | Reached skill level 5 in Invocations
  5858 | D:7      | Reached XP level 9. HP: 78/82 MP: 12/12
  5866 | D:7      | Killed Joseph
  6022 | D:7      | Noticed Jeremiah
  6027 | D:7      | Killed Jeremiah
  6028 | D:7      | Reached skill level 9 in Fighting
  6308 | D:7      | Found Uhud Cof's General Store.
  6313 | D:7      | Bought a scroll of identify for 24 gold pieces
  6313 | D:7      | Bought a scroll of teleportation for 36 gold pieces
  6430 | D:7      | Reached skill level 10 in Axes
  6465 | D:7      | Your ally Pikel died
  6623 | D:8      | Noticed Gastronok
  6767 | D:8      | Reached XP level 10. HP: 91/91 MP: 15/15
  6889 | D:8      | Killed Gastronok
  6890 | D:8      | Reached skill level 10 in Fighting
  7990 | D:9      | Noticed a two-headed ogre
  8013 | D:9      | Killed a two-headed ogre
  8273 | D:9      | Reached XP level 11. HP: 101/101 MP: 17/17
  8537 | D:9      | Reached skill level 11 in Fighting
  8675 | D:9      | Noticed a two-headed ogre
  8684 | D:9      | Killed a two-headed ogre
  8828 | D:10     | Entered Level 10 of the Dungeon
  9504 | D:10     | Reached skill level 10 in Invocations
  9784 | D:10     | Found a staircase to the Orcish Mines.
  9820 | D:10     | Reached *** piety under Yredelemnul
 10125 | Orc:1    | Entered Level 1 of the Orcish Mines
 10415 | D:11     | Noticed a two-headed ogre
 10420 | D:11     | Killed a two-headed ogre
 10421 | D:11     | Reached skill level 10 in Armour
 10432 | D:11     | Reached **** piety under Yredelemnul
 10432 | D:11     | Reached skill level 12 in Fighting
 10436 | D:11     | Reached ***** piety under Yredelemnul
 10439 | D:11     | Found a staircase to the Lair.
 10796 | D:11     | Noticed a manticore
 10801 | D:11     | Reached XP level 12. HP: 112/112 MP: 20/20
 10807 | D:11     | Reached skill level 1 in Necromancy
 11121 | Lair:1   | Entered Level 1 of the Lair of Beasts
 11832 | Lair:1   | Noticed a boulder beetle
 11842 | Lair:1   | Killed a boulder beetle
 11843 | Lair:1   | Reached skill level 15 in Axes
 11924 | Lair:1   | Reached ****** piety under Yredelemnul
 12349 | Lair:2   | Reached skill level 13 in Fighting
 12462 | Lair:2   | Noticed a seven-headed hydra
 12486 | Lair:2   | Killed an 11-headed hydra
 12840 | Lair:2   | Reached XP level 13. HP: 72/122 MP: 22/22
 13274 | Lair:2   | Found a staircase to the Shoals.
 13349 | Lair:3   | You fall into a shaft and drop 2 floors!
 13349 | Lair:5   | Entered Level 5 of the Lair of Beasts
 13668 | Lair:5   | Found a radiant altar of Vehumet.
 13862 | Lair:5   | Reached skill level 14 in Fighting
 14459 | Lair:5   | Found a large runed translucent door.
 15328 | Lair:3   | Found a hole to the Spider Nest.
 15954 | Lair:4   | Reached skill level 1 in Evocations
 16155 | Lair:4   | Reached skill level 15 in Fighting
 16155 | Lair:4   | Reached XP level 14. HP: 122/135 MP: 24/24
 16285 | Lair:4   | Found a staircase to the Slime Pits.
 16287 | Lair:4   | Found a viscous altar of Jiyva.
 18390 | Lair:5   | Found a large runed translucent door.
 19487 | D:12     | Found a runed translucent gate.
 19487 | D:12     | Noticed MrIGI's ghost (journeyman GnWr)
 20243 | D:12     | Found a runed translucent gate.
 20243 | D:12     | Found a runed translucent gate.
 20926 | D:13     | Reached skill level 1 in Shields
 20932 | D:13     | Reached skill level 5 in Evocations
 21199 | Orc:1    | Found a transporter.
 21204 | Orc:1    | Found Jiateoq's Book Shoppe.
 21206 | Orc:1    | Found a transporter.
 21401 | Orc:1    | Found a roughly hewn altar of Beogh.
 21601 | Orc:1    | Found Fugolul's Armour Boutique.
 21612 | Orc:1    | Reached skill level 16 in Fighting
 21671 | Orc:1    | Noticed an orc warlord
 21979 | Orc:1    | an orc warlord changed into a cyan ugly thing
 22271 | Orc:1    | Bought the +0 plate armour of the Equinox {rF+ Dex+4} for
                  | 635 gold pieces
 22548 | Orc:2    | Entered Level 2 of the Orcish Mines
 22548 | Orc:2    | Found a staircase to the Elven Halls.
 23089 | Orc:2    | Reached XP level 15. HP: 129/144 MP: 25/25
 23229 | Orc:2    | Found Biom's CLEARANCE SALE!.
 23238 | Orc:2    | Bought a potion of heal wounds for 20 gold pieces
 23422 | Orc:2    | Found a radiant altar of Vehumet.
 23695 | Orc:2    | Found a radiant altar of Vehumet.
 23704 | Orc:2    | Found Cughaotz's Antique Armour Shoppe.
 23731 | Orc:2    | Found an ancient bone altar of Kikubaaqudgha.
 23903 | Orc:2    | Found a roughly hewn altar of Beogh.
 23903 | Orc:2    | Found Qaoqigan's Distillery.
 23903 | Orc:2    | Found Karchor's Book Emporium.
 23903 | Orc:2    | Paralysed by an ogre mage for 5 turns
 23980 | Orc:2    | Found Egho's Antique Weapon Emporium.
 23983 | Orc:2    | Bought a potion of heal wounds for 60 gold pieces
 24684 | D:13     | Found a gate to the Vaults.
 24939 | D:13     | Found a gateway to a bazaar.
 24948 | Bazaar   | Entered a bazaar
 24957 | Bazaar   | Found Suaripte's Weapon Boutique.
 24965 | Bazaar   | Found Pennufae's General Store.
 24969 | Bazaar   | Found Lainel's Assorted Antiques.
 24991 | Bazaar   | Found Cimmear's Antique Weapon Emporium.
 24996 | Bazaar   | Bought a glowing battleaxe for 247 gold pieces
 25006 | Bazaar   | Bought a scroll of identify for 54 gold pieces
 25006 | Bazaar   | Bought a potion of heal wounds for 135 gold pieces
 25006 | Bazaar   | Bought a wand of paralysis (3) for 194 gold pieces
 25013 | Bazaar   | Bought a potion of curing for 24 gold pieces
 25276 | D:14     | Identified the +3 leather armour "Jaesk" {Dex+6}
 25338 | D:14     | Identified the +1 dagger of the Nurturing Stoat {chaos,
                  | +Blink rF+}
 25425 | D:14     | You fall into a shaft and drop 1 floor!
 25425 | D:15     | Entered Level 15 of the Dungeon
 25980 | D:14     | Found a shadowy altar of Dithmenos.
 26439 | D:15     | Reached skill level 5 in Shields
 26746 | D:15     | Paralysed by an orc sorcerer for 2 turns
 26751 | D:15     | Reached skill level 15 in Invocations
 26899 | D:15     | Found a staircase to the Depths.
 26904 | D:15     | Reached skill level 15 in Armour
 27272 | D:15     | Found the +3 pair of gauntlets of War {Slay+5}
 27281 | D:15     | Reached skill level 17 in Fighting
 27412 | D:15     | Found a stormy altar of Qazlal.
 27438 | D:15     | Reached skill level 1 in Long Blades
 28057 | Shoals:1 | Entered Level 1 of the Shoals
 28069 | Shoals:1 | Reached XP level 16. HP: 138/155 MP: 27/27
 29003 | Shoals:2 | Noticed Louise
 29003 | Abyss:3  | Cast into level 3 of the Abyss (Louise)
 29022 | Abyss:3  | Noticed a bone dragon
 29041 | Abyss:3  | Killed a bone dragon
 29057 | Abyss:3  | Got an abyssal rune of Zot
 29062 | Abyss:3  | Gained mutation: Your body sometimes deteriorates upon
                  | taking damage. [potion of mutation]
 29114 | Abyss:4  | Found a corrupted altar of Lugonu.
 29121 | Abyss:4  | Noticed a tentacled starspawn
 29137 | Abyss:4  | Killed a tentacled starspawn
 29243 | Abyss:4  | Noticed a tentacled starspawn
 29256 | Abyss:4  | Killed a tentacled starspawn
 29271 | Abyss:4  | HP: 4/155 [ancient zyme (8)]
 29293 | Abyss:4  | Lost mutation: Your body sometimes deteriorates upon taking
                  | damage. [potion of mutation]
 29293 | Abyss:4  | Gained mutation: You occasionally lose the ability to read
                  | scrolls when taking damage. [potion of mutation]
 29293 | Abyss:4  | Gained mutation: Your spells are a little harder to cast,
                  | but a little more powerful. [potion of mutation]
 29293 | Abyss:4  | Lost mutation: Your spells are a little harder to cast, but
                  | a little more powerful. [potion of mutation]
 29310 | Abyss:4  | Noticed a tentacled starspawn
 29320 | Abyss:4  | Killed a tentacled starspawn
 29337 | Shoals:2 | Escaped the Abyss
 29793 | Shoals:2 | Found Wosel's General Store.
 29804 | Shoals:2 | Noticed a walking crystal tome
 29887 | Shoals:2 | Reached skill level 5 in Dodging
 29890 | Shoals:2 | Found Hegeuw's Book Boutique.
 29890 | Shoals:2 | Noticed a walking crystal tome
 30024 | Shoals:2 | Found Nuikas's Book Shop.
 30061 | Shoals:2 | Found Solast's Weapon Shop.
 30219 | Shoals:2 | Killed Louise
 30739 | Shoals:3 | Found a runed translucent gate.
 30739 | Shoals:3 | Found a runed translucent gate.
 30739 | Shoals:3 | Found a runed translucent gate.
 30742 | Shoals:3 | Noticed case's ghost (adept MiBe)
 30799 | Shoals:3 | Reached skill level 5 in Long Blades
 31027 | Shoals:3 | Reached XP level 17. HP: 146/163 MP: 28/28
 31724 | Shoals:4 | Entered Level 4 of the Shoals
 32341 | Shoals:3 | Reached skill level 18 in Fighting
 32991 | Shoals:4 | Reached skill level 19 in Fighting
 32991 | Shoals:4 | Reached XP level 18. HP: 154/176 MP: 29/29
 33906 | Shoals:4 | Got a barnacled rune of Zot
 34184 | Spider:1 | Entered Level 1 of the Spider Nest
 35078 | Lair:3   | Lost mutation: You occasionally lose the ability to read
                  | scrolls when taking damage. [potion of mutation]
 35078 | Lair:3   | Gained mutation: You are agile. (Dex +4, Str/Int -1)
                  | [potion of mutation]
 35131 | Lair:3   | Reached XP level 19. HP: 76/184 MP: 30/30
 35514 | Spider:1 | Reached skill level 10 in Shields
 35670 | Spider:1 | You fall into a shaft and drop 1 floor!
 35670 | Spider:2 | Found a glacial archway.
 35760 | IceCv    | Entered an ice cave
 36011 | Spider:2 | Reached skill level 20 in Fighting
 36117 | Spider:2 | Gained mutation: You occasionally lose the ability to read
                  | scrolls when taking damage. [mutagenic glow]
 36222 | Spider:2 | Identified the +9 quarterstaff "Dyquroc" {heavy, ^Drain
                  | rElec rF+ Will+}
 38044 | Spider:3 | Found a runed translucent gate.
 38044 | Spider:3 | Found a runed translucent gate.
 38045 | Spider:3 | Found a runed translucent gate.
 38047 | Spider:3 | Noticed Bolleh's ghost (journeyman GnSk)
 38072 | Spider:3 | Killed Bolleh's ghost
 38085 | Spider:3 | Identified the +11 plate armour of the Orb {-Cast Fly
                  | rPois}
 38570 | Spider:4 | Entered Level 4 of the Spider Nest
 38647 | Spider:4 | Reached skill level 10 in Long Blades
 38755 | Spider:4 | Identified the +1 robe of Lightning Storm {rPois Dex-5 SInv
                  | Archmagi}
 39002 | Spider:4 | Identified a scroll of acquirement
 39003 | Spider:4 | Acquired 486 gold pieces
 39265 | Spider:4 | Noticed Bai Suzhen
 39276 | Spider:4 | Killed Bai Suzhen
 39665 | Spider:4 | Identified the +0 robe "Oprif" {Int+6}
 39771 | Spider:4 | Reached XP level 20. HP: 189/195 MP: 16/31
 39979 | Spider:4 | Got a gossamer rune of Zot
 40333 | Elf:1    | Entered Level 1 of the Elven Halls
 40429 | Elf:1    | Found a runed translucent door.
 40429 | Elf:1    | Noticed Naedelly's ghost (journeyman TrSh)
 40481 | Elf:1    | Reached skill level 21 in Fighting
 40485 | Elf:1    | Paralysed by an air elemental for 1 turns
 40487 | Elf:1    | Paralysed by an air elemental for 1 turns
 40766 | Elf:1    | Lost mutation: You occasionally lose the ability to read
                  | scrolls when taking damage. [potion of mutation]
 40766 | Elf:1    | Lost mutation: You are agile. (Dex +4, Str/Int -1) [potion
                  | of mutation]
 40766 | Elf:1    | Gained mutation: Your muscles are strong. (Str +4, Int/Dex
                  | -1) [potion of mutation]
 40766 | Elf:1    | Gained mutation: You are partially covered in iridescent
                  | scales. (AC +2) [potion of mutation]
 40949 | Elf:1    | Got the Dissertation on the Amassed Shot
 41798 | Elf:1    | Killed Naedelly's ghost
 41932 | Elf:2    | Paralysed by an air elemental for 1 turns
 41962 | Elf:2    | Noticed Nikola
 41980 | Elf:2    | Killed Nikola
 42055 | Elf:2    | Noticed jaiteiro's ghost (adept GnEE)
 42061 | Elf:2    | Found a runed translucent door.
 42208 | Elf:2    | Found Timeq's Weapon Boutique.
 42213 | Elf:2    | Found Saczoel's Magic Scroll Shop.
 42234 | Elf:2    | Reached skill level 10 in Evocations
 42256 | Elf:2    | Bought a scroll of enchant armour for 120 gold pieces
 42294 | Elf:2    | Killed jaiteiro's ghost
 42415 | Elf:2    | Found Acwur's Assorted Antiques.
 42514 | Elf:2    | Bought a wand of roots (5) for 336 gold pieces
 42514 | Elf:2    | Bought a scroll of enchant armour for 210 gold pieces
 42584 | Elf:2    | Found Kiosk's Assorted Antiques.
 42588 | Elf:2    | Bought a scroll of immolation for 156 gold pieces
 42588 | Elf:2    | Bought a potion of heal wounds for 195 gold pieces
 42588 | Elf:2    | Bought a wand of paralysis (3) for 280 gold pieces
 42696 | Elf:2    | Found a runed translucent gate.
 42715 | Elf:2    | Found a runed translucent gate.
 42715 | Elf:2    | Found a runed translucent gate.
 42882 | Elf:2    | Noticed Zenata
 42890 | Elf:2    | Reached XP level 21. HP: 191/205 MP: 29/32
 42901 | Elf:2    | Killed Zenata
 43440 | Elf:3    | Entered Level 3 of the Elven Halls
 44968 | Elf:3    | Identified the +9 broad axe "Fadysulat" {drain, *Rage rElec
                  | rPois Int+3}
 45074 | Elf:3    | Identified the staff of Undoing {rF+ Str+4 SInv Fire}
 45077 | Elf:3    | Identified the +5 arbalest of Magnificence {drain, Int+4}
 45111 | Elf:3    | Identified the +6 dire flail of Equilibrium {drain, *Rage
                  | rN+ Str+4}
 45111 | Elf:3    | Identified the ring "Huputs" {^Drain Fly rF+ Stlth+}
 45113 | Elf:3    | Identified the +9 rapier "Newtslayer" {flame, Will+ MP+9
                  | Int+8 Dex-4}
 45113 | Elf:3    | Identified the +10 mace "Imp's Doom" {drain, Str+6 Int-2}
 45113 | Elf:3    | Identified the amulet "Gicos" {Acrobat Rampage Int+4}
 45143 | Elf:3    | Reached skill level 22 in Fighting
 45183 | Elf:3    | Got the Handbook of Freezing Excavation
 45820 | Depths:1 | Entered Level 1 of the Depths
 45820 | Depths:1 | Found a gateway to Hell.
 45859 | Depths:1 | Noticed a caustic shrike
 45859 | Depths:1 | Noticed a caustic shrike
 46218 | D:15     | Killed a caustic shrike
 46501 | D:15     | Killed a caustic shrike
 47127 | Depths:1 | Reached XP level 22. HP: 183/213 MP: 20/33
 47257 | Depths:1 | Found Ulilyich's General Store.
 47388 | Depths:1 | Found a hide-covered altar of Uskayaw.
 47505 | Depths:1 | Found Koegen's Weapon Emporium.
 47597 | Depths:1 | Found a one-way gate leading to the halls of Pandemonium.
 47802 | Depths:2 | Found a magical portal.
 47811 | WizLab   | Entered Zonguldrok's Shrine
 48492 | WizLab   | Identified the +7 double sword of Sihu {pain, Str+5 Dex+2}
 48492 | WizLab   | Noticed an antique champion
 48492 | WizLab   | Noticed an antique champion
 48524 | WizLab   | Killed an antique champion
 48543 | WizLab   | Killed an antique champion
 48888 | WizLab   | Identified the +0 chain mail of Youthful Indiscretion
                  | {-Tele Will+ MP+9 Int+2}
 48925 | WizLab   | Identified the +1 plate armour of the Shrike {*Slow rPois
                  | rN++ Str+4 SInv}
 49027 | Depths:2 | Reached skill level 15 in Shields
 49072 | Depths:2 | Found an iron altar of Okawaru.
 50502 | Depths:2 | Reached skill level 23 in Fighting
 50655 | Depths:3 | Found Memyed's Weapon Boutique.
 50664 | Depths:3 | Found Fyixtapt's Magic Scroll Shoppe.
 50672 | Depths:3 | Bought a scroll of enchant armour for 105 gold pieces
 50672 | Depths:3 | Bought a scroll of enchant weapon for 105 gold pieces
 50672 | Depths:3 | Bought a scroll of silence for 133 gold pieces
 50672 | Depths:3 | Bought a scroll of fog for 56 gold pieces
 50702 | Depths:3 | Found a portal to a secret trove of treasure.
 50710 | Depths:3 | Identified the +5 war axe "Rentecw" {vamp, Will++ Str-4}
 50761 | Depths:3 | Noticed Grunn
 50818 | Depths:3 | Killed Grunn
 50874 | Depths:3 | Your ally Grunn died
 51112 | Depths:3 | You are sucked into a shaft and drop 1 floor!
 51112 | Depths:4 | Entered Level 4 of the Depths
 51146 | Depths:4 | Reached skill level 15 in Long Blades
 51352 | Depths:4 | Noticed a juggernaut
 51360 | Depths:4 | Killed a juggernaut
 51361 | Depths:4 | Reached XP level 23. HP: 227/227 MP: 34/34
 51403 | Depths:4 | Found Gozag's Platinum Reserve.
 51403 | Depths:4 | Found an opulent altar of Gozag.
 51749 | Depths:4 | Found a gate to the Realm of Zot.
 51759 | Depths:4 | Found a one-way gateway to a ziggurat.
 51806 | Depths:4 | Found Kiulamn's Hallowed Reliquary.
 51807 | Depths:4 | Found a glowing silver altar of Zin.
 51817 | Depths:4 | Bought a potion of curing for 42 gold pieces
 51817 | Depths:4 | Bought a potion of heal wounds for 70 gold pieces
 52950 | Elf:2    | Bought a scroll of teleportation for 48 gold pieces
 53125 | Vaults:1 | Entered Level 1 of the Vaults
 53424 | Vaults:1 | Found Wies's Assorted Antiques.
 53435 | Vaults:1 | Bought a scroll of blinking for 330 gold pieces
 54415 | Vaults:2 | Got the Compilation of the Retinue and the Crevasse
 54945 | Vaults:2 | Noticed Margery
 54959 | Vaults:2 | Killed Margery
 55767 | Vaults:3 | Reached skill level 24 in Fighting
 56127 | Vaults:3 | Found a staircase to the Crypt.
 56220 | Vaults:3 | Reached XP level 24. HP: 128/238 MP: 34/34
 56229 | Vaults:3 | Killed from afar by an ironbound thunderhulk

Illustrated notes

Levels and vault maps discovered:
D:1:      dpeg_arrival_tiny_g, layout_basic,
          chequers_ecumenical_altar_simple_redux
D:2:      layout_loops_ring, guppyfry_early_orc_mine, uniq_natasha
D:3:      minmay_door_path, layout_basic, serial_co_window_serial,
          co_window_of_opportunity_a, co_window_paths_b, co_window_paths_b,
          co_window_paths_b, co_window_paths_b, co_window_paths_a,
          co_window_paths_a, co_window_corner_a, co_window_corner_a,
          co_window_2corner, co_window_broadway_c, co_window_corner_cb,
          glass_columns_a, glass_columns_b, glass_columns_b
D:4:      layout_gridville
D:5:      layout_loops_corners, gammafunk_temple_overflow_arena,
          minmay_temple_entry_overgrown, minmay_large_rounded_square
D:6:      layout_loops_ring
D:7:      layout_basic, vehumet_crystals, serial_shops, shop,
          kennysheep_diamond, kennysheep_nondescript, kennysheep_boxes,
          uniq_pikel, uniq_joseph, uniq_jeremiah
D:8:      layout_gridville, uniq_gastronok
D:9:      layout_cave_pools, bh_walls_and_bars
D:10:     layout_long_grid, david_orc_1_choice
D:11:     layout_basic, minmay_lair_entry_grove, serial_corexii_hall,
          corexii_hall_statues_t, corexii_hall_statues_x
D:12:     layout_layer_cave, gammafunk_ghost_split
D:13:     layout_basic, hellmonk_vaults_order_and_chaos, serial_shops,
          statue_bzr
D:14:     layout_irregular_city, grunt_dithmenos_smoke, roderic_serpentine_path
D:15:     grunt_enter_depths_magical_seal, layout_long_grid,
          nicolae_qazlal_eye_of_the_storm
Temple:   nicolae_temple_slightly_damp_pantheon
Lair:1:   layout_cave_pods, lemuel_fruit_fields, serial_bayou_shore_a
Lair:2:   layout_loops_ring, minmay_shoals_entry_lonely_mermaid
Lair:3:   layout_hall_layers, spider_nest_entry_webs, grunt_megastairs_5
Lair:4:   layout_hall_layers, nicolae_slime_entry_field_trip,
          nzn_sisyphean_effort, infiniplex_staircase_pool_2
Lair:5:   cheibrodos_lair_end_hotspot, layout_cave_pods, basic_altar
Shoals:1: layout_shoals
Shoals:2: layout_shoals, serial_shops, shop, nicolae_shop_tiny_real_fake_doors,
          shop_fountains, nicolae_shop_mannequins, uniq_louise
Shoals:3: nzn_motion_control, layout_shoals, gammafunk_ghost_tricky_traps
Shoals:4: shoals_end_hellmonk_lost_city
Spider:1: layout_spider_delve
Spider:2: layout_spider_delve, portal_ice_cave_entry_ugly_swarm, drop_trap,
          nicolae_spider_eight_legs
Spider:3: layout_chambers, ebering_ghost_rock_garden
Spider:4: floodkiller_spider_rune_tomb, nicolae_spider_acid_house,
          uniq_bai_suzhen
Orc:1:    cheibrodos_orc_arena, layout_diamond_mine, serial_shops,
          nicolae_shop_trees, nicolae_shop_drivethru,
          nicolae_volcano_entry_two_sided, mines1_david
Orc:2:    kennysheep_orc_mage_school, layout_caves, basic_altar,
          nicolae_shop_clearance
Elf:1:    layout_gridlike, hellmonk_ghost_happy_afterlife, minmay_elf_sorcery
Elf:2:    nicolae_elf_blades_crystal_corner, layout_gridlike,
          hellmonk_ghost_big_iron, serial_shops, nicolae_lakefront_shop, shop,
          shop, nicolae_shop_advertising_works [nicolae_subvault_shop_adworks],
          uniq_nikola, uniq_zenata
Elf:3:    elf_hall_gauntlet_narrow, layout_geoelf_diagonals,
          lemuel_flamethrower_2
Vaults:1: nicolae_vaults_diamond_1, nicolae_vaults_trapezoid_layered,
          vaults_standard_mumra_enter_the_diamond,
          nicolae_vaults_little_squares_5, ontoclasm_vaults_hangar,
          nicolae_vaults_double_plus_3, nicolae_vaults_mini_display_case,
          nicolae_vaults_sealed_display, layout_vaults_omnigrid, serial_shops,
          shop
Vaults:2: dpeg_vaults_monster_box, hangedman_vaults_restitches,
          nicolae_vaults_storage_closets_3, nicolae_vaults_little_squares_6,
          nicolae_vaults_lightning_bolt, nicolae_vaults_apartment_2,
          vaults_standard_mumra_x, nicolae_vaults_house_2,
          nicolae_vaults_little_ls, grunt_vaults_hallway_short,
          nicolae_vaults_asterisk, nicolae_vaults_closet_pinwheel_4,
          nicolae_vaults_three_branches, nicolae_vaults_prndl, st_lattice,
          vaults_dpeg_diagonal, layout_vaults_omnibox, uniq_margery
Vaults:3: minmay_crypt_entry_simple_plaza, nicolae_vaults_big_ls,
          vaults_room_octagon, nicolae_vaults_house_2,
          nicolae_vaults_doubleplus_tesselated, nicolae_vaults_turnstiles,
          nicolae_vaults_door_testing_chamber, vaults_room_pool,
          nicolae_vaults_wrenched, nicolae_vaults_heist,
          nicolae_vaults_diagonal_hallway_8, layout_vaults_ring, uniq_norris
Depths:1: layout_cave_pools, hell_entry, nicolae_uskayaw_dance_hall,
          serial_shops, shop, nicolae_inconvenience_store,
          rand_demon_pan_entry_8, hangedman_aviary
Depths:2: minmay_eyes, layout_basic, hell_entry, rand_demon_pan_entry_5,
          mu_enter_wizlab_5, okawaru_gym_becter, minmay_staircase_statues,
          firewood_loft
Depths:3: minmay_crescents, layout_gridlike, abyss_entry_flame_altar,
          serial_shops, kennysheep_mini_moat, shop,
          nicolae_shop_industrial_runoff, nicolae_shop_crystal, enter_trove_1,
          hell_entry, serial_bayou_pond_a, uniq_grunn
Depths:4: evilmike_zot_entry_basic, layout_cave_pools, enter_ziggurat_d,
          grunt_hell_entry_demonic_statue, nicolae_gozag_zags_fifth_avenue,
          nicolae_good_shop

Skill      XL: |  1  2  3  4  5  6  7  8  9 10 11 12 13 14 15 16 17 18 19 20 21 22 23 |
---------------+----------------------------------------------------------------------+-----
Fighting       | 4 5 6 8 9 10 12 13 15 16 17 19 20 21 22 23 24 | 24.1
Dodging        | 3 4 5 |  5.0
Axes           | 5 6 7 9 10 11 14 16 18 20 21 22 | 22.7
Armour         | 1 2 3 4 6 7 8 10 11 13 14 15 16 18 19 20 21 | 21.1
Stealth        | 1 2 |  2.0
Invocations    | 1 5 6 9 11 12 14 15 | 15.0
Necromancy     | 2 |  2.0
Evocations     | 1 5 6 7 8 10 11 12 | 12.9
Shields        | 2 5 7 8 9 11 13 14 15 17 | 17.0
Long Blades    | 1 5 6 8 10 12 13 15 16 | 16.0

Action                     |  1- 3 |  4- 6 |  7- 9 | 10-12 | 13-15 | 16-18 | 19-21 | 22-24 || total
---------------------------+-------+-------+-------+-------+-------+-------+-------+-------++-------
  Melee: Hand axe          |   106 |   112 |   223 |   584 |   626 |       |       |       ||  1651
         Flail             |       |       |       |       |   123 |       |       |       ||   123
         War axe           |       |       |       |       |   293 |   420 |  1018 |   988 ||  2719
         Double sword      |       |       |       |       |       |       |    12 |       ||    12
         Unarmed           |       |       |       |       |       |       |       |     4 ||     4
  Throw: Dart              |       |     5 |       |     8 |    14 |       |     5 |       ||    32
 Invoke: Recall Undead Har |       |       |     5 |     3 |    16 |    25 |    16 |    13 ||    78
         Dark Bargain      |       |       |       |     8 |    17 |    19 |    40 |    10 ||    94
         Bind Soul         |       |       |       |     2 |     3 |     1 |     6 |     7 ||    19
         Drain Life        |       |       |       |       |     2 |     5 |     1 |       ||     8
  Evoke: Wand              |       |       |    15 |    13 |    33 |     6 |    15 |    13 ||    95
         Tin of tremorston |       |       |       |       |       |     2 |     2 |     2 ||     6
         Lightning rod     |       |       |       |       |       |     1 |     7 |     4 ||    12
    Use: Scroll            |       |     4 |     6 |    10 |    16 |    13 |    16 |    22 ||    87
         Potion            |       |       |     1 |     6 |     8 |    34 |     1 |    13 ||    63
   Stab: Distracted        |       |       |     1 |     6 |    15 |     8 |    25 |    17 ||    72
         Paralysed         |       |       |       |       |    10 |     2 |     8 |     4 ||    24
         Invisible         |       |       |       |       |     1 |     2 |       |       ||     3
         Confused          |       |       |       |       |       |       |       |     1 ||     1
 Armour: Robe              |    14 |       |       |       |       |       |       |       ||    14
         Ring mail         |    14 |    13 |     1 |   263 |   537 |       |       |       ||   828
         Leather armour    |       |    20 |   102 |       |       |       |       |       ||   122
         Plate armour      |       |       |       |       |   237 |   752 |   822 |   542 ||  2353
         Skin              |       |       |       |       |       |    31 |       |     3 ||    34
  Dodge: Dodged            |    81 |    80 |   187 |   360 |   660 |   464 |   374 |   228 ||  2434
  Block: Buckler           |       |       |       |       |   105 |   167 |       |       ||   272
         Tower shield      |       |       |       |       |       |   170 |  1247 |  1034 ||  2451
         Reflection        |       |       |       |       |       |       |    51 |    32 ||    83
